 Dungeon Crawl Stone Soup version 0.29-a0-717-g6dac4ea423 (webtiles) character file.

Game seed: 3741408576718302211

2227 drugrobin the Cleaver (level 8, -4/71 HPs)
             Began as a Demigod Fighter on June 27, 2022.
             Slain by an orc
             ... wielding a +0 trident
              (5 damage)
             ... on level 7 of the Dungeon.
             The game lasted 00:17:42 (9277 turns).

drugrobin the Cleaver (Demigod Fighter)             Turns: 9277, Time: 00:17:43

Health: -4/71      AC: 13    Str: 25    XL:     8   Next: 91%
Magic:  10/10      EV:  7    Int: 10    God:
Gold:   67         SH:  4    Dex: 13    Spells: 7/7 levels left

rFire   . . .      SeeInvis +   a - +1 flail (protect)
rCold   + . .      Faith    .   I - +0 buckler
rNeg    . . .      Spirit   .   u - +1 chain mail {rC+}
rPois   .          Reflect  .   (no helmet)
rElec   .          Harm     .   N - +0 cloak
rCorr   .          Rampage  .   (no gloves)
Will    +....      Rage     3%  A - +1 pair of boots
Stlth   ..........              H - amulet of magic regeneration
HPRegen 0.21/turn               f - ring of willpower
MPRegen 0.52/turn               E - ring of see invisible

@: lethally poisoned (-4 -> -5), attractive
A: high MP 1, forlorn, divine attributes, berserk 1
a: no special abilities


You were on level 7 of the Dungeon.
You visited 2 branches of the dungeon, and saw 8 of its levels.

You collected 333 gold pieces.
You spent 266 gold pieces at shops.

Inventory:

Hand Weapons
 a - a +1 flail of protection (weapon)
 b - a +0 short sword of venom
 c - a +4 mace of holy wrath
 h - a +2 vorpal mace
 x - a +0 war axe
Missiles
 o - 2 javelins (quivered)
Armour
 u - a +1 chain mail of cold resistance (worn)
 A - a +1 pair of boots (worn)
 I - a +0 buckler (worn)
 N - a +0 cloak (worn)
Jewellery
 f - a ring of willpower (left hand)
 j - a ring of resist corrosion
 s - a ring of positive energy
 E - a ring of see invisible (right hand)
 H - an amulet of magic regeneration (around neck)
 L - a ring of fire
 M - a ring of protection from cold
Wands
 w - a wand of iceblast (4)
 G - a wand of charming (5)
Scrolls
 e - 6 scrolls of immolation {unknown}
 g - 4 scrolls of teleportation {unknown}
 l - 4 scrolls of fog {unknown}
 m - 3 scrolls of acquirement {unknown}
 p - 2 scrolls of blinking {unknown}
 q - a scroll of brand weapon
 r - 6 scrolls of identify
 y - a scroll of amnesia
 B - a scroll of torment
 C - 3 scrolls of vulnerability {unknown}
 D - a scroll of enchant armour
 J - a scroll of fear
 O - a scroll of noise {unknown}
Potions
 d - 2 potions of might
 i - 4 potions of mutation
 t - a potion of curing {unknown}
 v - a potion of lignification {unknown}
 z - a potion of experience {unknown}
 F - a potion of resistance {unknown}
 K - a potion of haste {unknown}


   Skills:
 + Level 6.9 Fighting
 * Level 9.3 Axes
 - Level 2.6 Armour
 - Level 2.6 Shields


You had 7 spell levels left.
You didn't know any spells.
Your spell library contained the following spells:

 Spells                   Type           Power      Damage    Failure   Level
 Magic Dart               Conj           0%         1d3       98%         1
 Searing Ray              Conj           0%         2d4       99%         2
 Dazzling Flash           Conj/Hex       0%         N/A       100%        3
 Gell's Gravitas          Tloc           0%         N/A       100%        3
 Lesser Beckoning         Tloc           0%         N/A       100%        3
 Teleport Other           Tloc           0%         N/A       100%        3
 Fulminant Prism          Conj/Hex       0%         3d6       100%        4
 Iskenderun's Mystic Bla  Conj/Tloc      0%         2d3       100%        4
 Starburst                Conj/Fire      0%         6d3       100%        6


Dungeon Overview and Level Annotations

Branches:
Dungeon (7/15)             Temple (1/1) D:4

Shops:
D:1 *   D:7 (


Innate Abilities, Weirdness & Mutations

You have an increased reservoir of magic. (+10% MP)
You shall have no god before yourself.
Your divine heritage dramatically boosts your attributes as you level up.
You sometimes lose your temper in combat.


Message History

The orc hits you but does no damage. The orc warrior barely misses you.
Unknown command.
Unknown command.
Aiming: Charm
Press: ? - help, Shift-Dir - straight line, f/p - orc warrior
Aim: an orc warrior, wielding a +0 scimitar and wearing a +0 plate armour (heavily wounded, chance to affect: 49%)
The orc warrior resists with some effort.
You feel sick. You block the orc's attack.
The orc warrior hits you but does no damage.
Unknown command.
Aiming: Charm
Press: ? - help, Shift-Dir - straight line, f/p - orc warrior
Aim: an orc warrior, wielding a +0 scimitar and wearing a +0 plate armour (heavily wounded, chance to affect: 49%)
The orc warrior resists with some effort.
You feel sick.
The orc hits you from afar with a +0 trident!
* * * LOW HITPOINT WARNING * * *
The orc warrior hits you but does no damage.
Aiming: Charm
Press: ? - help, Shift-Dir - straight line, f/p - orc warrior
Aim: an orc warrior, wielding a +0 scimitar and wearing a +0 plate armour (heavily wounded, chance to affect: 49%)
The orc warrior is charmed.
* * * LOW HITPOINT WARNING * * *
You feel sick. You block the orc's attack.
Unknown command.
It was a potion of mutation.
You feel extremely strange.
You feel a little pissed off.
You feel a hidden malignance growing inside you.
You no longer feel a malignance within.
* * * LOW HITPOINT WARNING * * *
You feel sick. The orc hits you but does no damage.
It was a potion of attraction.
You feel attractive to monsters.
* * * LOW HITPOINT WARNING * * *
You feel sick. You block the orc's attack.
It was a potion of magic.
Magic courses through your body.
* * * LOW HITPOINT WARNING * * *
You feel sick.
The orc hits you from afar with a +0 trident.
You die...

...........o... #.#....#.#.#.
............. #........#...
#........... ###.#.....>..
#........... #.####.....
###########.###########....#.##..
.........##.#.........####.#.##..
.........##.)...o##........#.##..
..............##o####†###..#.##..
..............##@# #.###..#.##..
..............##.# #...#..#.##.#
......).......##.# ###.####.##.#
..................# ###....#.##.#
)).######.........###........##.#
.).# #.........#.........###.
#### #..<......#..........# #
#.........#..........# #
#.........#......>...####


You could see an orc and a friendly orc warrior (charmed).

Vanquished Creatures
  3 water moccasins
  A black bear (D:5)
  3 ice beasts
  A centaur (D:6)
  Blork the orc (D:4)
  4 bullfrogs
  2 scorpions
  A necrophage (D:4)
  A howler monkey (D:7)
  A gnoll shaman (D:7)
  4 jellies
  4 orc priests
  3 hounds (D:5)
  Ijyb (D:3)
  An iguana (D:6)
  4 orc wizards
  7 adders
  10 gnolls
  2 white imps (D:6)
  2 worms (D:2)
  3 dart slugs
  29 orcs
  4 bats
  7 endoplasms
  5 giant cockroaches
  9 goblins
  8 hobgoblins
  3 quokkas
  4 ball pythons
  8 frilled lizards
  9 kobolds
  7 rats
152 creatures vanquished.

Vanquished Creatures (collateral kills)
  A black bear (D:5)
1 creature vanquished.

Vanquished Creatures (others)
  An orc wizard (D:5)
  An adder (D:3)
  A dart slug (D:3)
  A ball python (D:3)
  2 frilled lizards (D:3)
  3 rats (D:3)
9 creatures vanquished.

Grand Total: 162 creatures vanquished

Notes
Turn   | Place    | Note
-------+----------+-------------------------------------------
     0 | D:1      | drugrobin the Demigod Fighter began the quest for the Orb.
     0 | D:1      | Reached XP level 1. HP: 18/18 MP: 3/3
    16 | D:1      | Reached skill level 2 in Axes
   400 | D:1      | Reached XP level 2. HP: 25/25 MP: 4/4
  1221 | D:1      | Found Qutich's Assorted Antiques.
  1463 | D:2      | Reached XP level 3. HP: 29/31 MP: 5/5
  1519 | D:1      | Reached skill level 3 in Axes
  2733 | D:3      | Noticed Ijyb
  2877 | D:3      | Reached XP level 4. HP: 34/38 MP: 6/6
  3296 | D:3      | Killed Ijyb
  3546 | D:3      | Reached skill level 4 in Axes
  3906 | D:3      | Reached XP level 5. HP: 34/46 MP: 7/7
  4849 | D:4      | Reached skill level 5 in Axes
  4875 | D:4      | Found a staircase to the Ecumenical Temple.
  4958 | D:4      | Reached XP level 6. HP: 44/52 MP: 8/8
  5262 | D:4      | Noticed Blork the orc
  5324 | Temple   | Entered the Ecumenical Temple
  5578 | D:4      | Killed Blork the orc
  5842 | D:5      | Entered Level 5 of the Dungeon
  5858 | D:5      | Noticed a water moccasin
  6086 | D:4      | Reached skill level 6 in Axes
  6202 | D:5      | Killed a water moccasin
  6203 | D:5      | Reached skill level 5 in Fighting
  6203 | D:5      | Reached XP level 7. HP: 31/61 MP: 9/9
  6943 | D:5      | Reached skill level 7 in Axes
  7284 | D:1      | Bought a dented pearl amulet for 95 gold pieces
  7284 | D:1      | Bought a scroll labelled DEVIDE BINOLL for 19 gold pieces
  7284 | D:1      | Bought a scroll labelled UKU XAX IZEALE for 19 gold pieces
  7284 | D:1      | Bought a glowing mace for 114 gold pieces
  7284 | D:1      | Bought a scroll labelled ASHULO BEATSAZ for 19 gold pieces
  7561 | D:6      | Reached XP level 8. HP: 66/70 MP: 10/10
  8085 | D:6      | Reached skill level 8 in Axes
  8710 | D:7      | Reached skill level 9 in Axes
  8990 | D:7      | Found Zuyquupp's Firing Range.
  9275 | D:7      | Gained mutation: You sometimes lose your temper in combat.
                  | [potion of mutation]
  9275 | D:7      | Gained mutation: You have hidden genetic defects. [potion
                  | of mutation]
  9275 | D:7      | Lost mutation: You have hidden genetic defects. [potion of
                  | mutation]
  9275 | D:7      | HP: 3/71 [poisoned by an orc wizard]
  9277 | D:7      | HP: 1/71 [poisoned by an orc wizard]
  9277 | D:7      | Slain by an orc

Illustrated notes

Levels and vault maps discovered:
D:1:      erik_arrival_triangle_small, layout_basic,
          ebering_ecumenical_altar_hall, serial_shops, nicolae_lakefront_shop,
          chequers_serial_rivers_marsh, minmay_misc_feat_nine_boxes
D:2:      layout_loops_corners
D:3:      layout_loops_ring, xom_confusion_cloud, general_overflow_altar,
          nicolae_overflow_hidden_temple, uniq_ijyb
D:4:      layout_basic, old_standard_altar, minmay_temple_entry_junction,
          uniq_blork_the_orc
D:5:      layout_cave_pools, wad_floor_pattern_1
D:6:      minmay_angry_zag, layout_basic, grunt_qazlal_clouds
D:7:      layout_basic, nicolae_shop_firing_range
Temple:   bh_familiar_temple

Skill      XL: |  1  2  3  4  5  6  7  8 |
---------------+-------------------------+-----
Axes           | 2 3 4 5 6 7 9 |  9.3
Fighting       | 3 4 5 6 |  6.9
Armour         | |  2.6
Shields        | |  2.6

Action                   |  1- 3 |  4- 6 |  7- 9 || total
-------------------------+-------+-------+-------++-------
Melee: War axe           |    59 |       |       ||    59
       Mace              |    81 |    80 |       ||   161
       Flail             |       |   164 |   202 ||   366
Throw: Javelin           |       |     2 |     6 ||     8
       Throwing net      |       |     1 |       ||     1
Evoke: Wand              |       |     5 |     4 ||     9
  Use: Scroll            |       |       |     5 ||     5
       Potion            |       |       |     3 ||     3
 Stab: Held in net/web   |       |     1 |       ||     1
Armor: Scale mail        |    66 |     3 |       ||    69
       Chain mail        |       |   154 |   164 ||   318
Dodge: Dodged            |    63 |    91 |    68 ||   222
Block: Buckler           |    25 |    68 |    49 ||   142

Table legend: (Time is in decaauts)
 A = Elapsed time spent in this place.
 B = Non-inter-level travel time spent in this place.
 C = Inter-level travel time spent in this place.
 D = Time resting spent in this place.
 E = Time spent auto-exploring this place.
 F = Levels seen in this place.
 G = Mean time per level.
                   A        B        C        D        E       F      G
               +--------+--------+--------+--------+--------+-----+--------+
         Total |   9450 |   8844 |    606 |   2025 |   4907 |   8 | 1181.2 |
       Dungeon |   9223 |   8617 |    606 |   1800 |   4907 |   7 | 1317.6 |
        Temple |    226 |    226 |      0 |    225 |      0 |   1 |  226.0 |
               +--------+--------+--------+--------+--------+-----+--------+

Top non-repeatable levels by time:
     D:3: 1807 daAuts
     D:2: 1772 daAuts
     D:1: 1494 daAuts
     D:5: 1167 daAuts
     D:4: 1139 daAuts
     D:6: 1136 daAuts
     D:7: 705 daAuts
  Temple: 226 daAuts
